 Dungeon Crawl Stone Soup version 0.28.0-49-g6dfe1f597d (webtiles) character file.

Game seed: 16153317415856190463

24994 Zeld the Destroyer (level 12, -1/106 HPs)
             Began as a White Draconian Conjurer on May 14, 2022.
             Was an Elder of Vehumet.
             Slain by a cane toad (5 damage)
             ... on level 1 of the Lair of Beasts.
             The game lasted 00:29:36 (23509 turns).

Zeld the Destroyer (White Draconian Conjurer)      Turns: 23509, Time: 00:29:37

Health: -1/106     AC: 15    Str: 10    XL:     12   Next: 85%
Magic:  0/24       EV: 13    Int: 24    God:    Vehumet [****..]
Gold:   634        SH:  5    Dex:  9    Spells: 17/28 levels left

rFire   . . .      SeeInvis .   a - +2 scimitar (flame)
rCold   + . .      Faith    .   (no shield)
rNeg    + . .      Spirit   .   (armour unavailable)
rPois   .          Reflect  +   (helmet restricted)
rElec   .          Harm     .   q - +2 cloak {rCorr}
rCorr   +          Rampage  .   g - +2 pair of gloves of Qoeh {rN+}
Will    .....                   j - +0 pair of boots
Stlth   +++.......              n - amulet of reflection
HPRegen 0.27/turn               s - ring of wizardry
MPRegen 0.19/turn               (no ring)

@: no status effects
A: breathe frost, AC +8, unfitting armour, cold resistance 1, cold-blooded,
fangs 1
a: Breathe Frost, Renounce Religion


You were on level 1 of the Lair of Beasts.
You worshipped Vehumet.
Vehumet was greatly pleased with you.
You visited 3 branches of the dungeon, and saw 15 of its levels.

You collected 907 gold pieces.
You spent 273 gold pieces at shops.

Inventory:

Hand Weapons
 a - a +2 scimitar of flaming (weapon)
Armour
 g - the +2 pair of gloves of Qoeh (worn) {rN+}
   (You found it on level 2 of the Dungeon)

   rN:        It protects you from negative energy.
 j - a +0 pair of boots (worn)
 q - a +2 cloak of preservation (worn)
Jewellery
 n - an amulet of reflection (around neck)
 s - a ring of wizardry (left hand)
Wands
 c - a wand of paralysis (7)
 u - a wand of digging (5)
 v - a wand of flame (18)
 w - a wand of polymorph (4)
 y - a wand of charming (3)
 F - a wand of mindburst (10)
Scrolls
 b - 4 scrolls of enchant armour
 e - 7 scrolls of teleportation
 l - 2 scrolls of amnesia
 o - a scroll of magic mapping
 p - 2 scrolls of fear
 x - a scroll of holy word {unknown}
Potions
 h - 2 potions of berserk rage
 i - 2 potions of mutation
 k - 3 potions of magic
 r - 2 potions of haste
 t - a potion of ambrosia
 z - a potion of invisibility
 B - a potion of might {unknown}
 D - a potion of flight {unknown}
 E - 2 potions of brilliance
 G - 2 potions of resistance {unknown}
Miscellaneous
 d - a box of beasts
 A - a phantom mirror


   Skills:
 * Level 10.0 Fighting
 + Level 1.0 Long Blades
 + Level 6.1 Dodging
 + Level 6.7 Stealth
 * Level 8.8 Spellcasting
 * Level 10.2 Conjurations
 - Level 3.0 Hexes
 - Level 3.0 Translocations
 * Level 9.8 Ice Magic
 * Level 7.4 Evocations


You had 17 spell levels left.
You knew the following spells:

 Your Spells              Type           Power      Damage    Failure   Level
a - Magic Dart            Conj           100%       1d8       1%          1
b - Searing Ray           Conj           100%       2d8       1%          2
c - Fulminant Prism       Conj/Hex       21%        3d13      1%          4
d - Iskenderun's Mystic   Conj/Tloc      42%        2d10      1%          4

Your spell library contained the following spells:

 Spells                   Type           Power      Damage    Failure   Level
 Olgreb's Toxic Radiance  Pois           10%        N/A       7%          4
 Apportation              Tloc           48%        N/A       1%          1
 Dazzling Flash           Conj/Hex       84%        N/A       1%          3
 Summon Ice Beast         Ice/Summ       34%        N/A       3%          4
 Lee's Rapid Deconstruct  Erth           5%         3d7*      17%         5
 Summon Mana Viper        Hex/Summ       17%        N/A       32%         5
 Alistair's Intoxication  Tmut/Pois      6%         N/A       52%         5
 Monstrous Menagerie      Summ           5%         N/A       100%        7


Dungeon Overview and Level Annotations

Branches:
Dungeon (13/15)            Temple (1/1) D:4            Lair (1/6) D:9
    Orc (0/2) D:11
 Vaults: D:13-14

Altars:
Ashenzari
Cheibriados
Dithmenos
Elyvilon
Fedhas
Gozag
Hepliaklqana
Kikubaaqudgha
Makhleb
Nemelex Xobeh
Okawaru
Qazlal
Ru
Sif Muna
Trog
Uskayaw
Vehumet
Wu Jian
Xom
Yredelemnul
Zin
The Shining One
Jiyva

Shops:
D:2 ?   D:7 [   D:11 ([

Annotations:
D:11 Snorg
Lair:1 3 runed translucent doors, Zeld's ghost, journeyman DrCj


Innate Abilities, Weirdness & Mutations

You can breathe waves of freezing cold which knock back foes.
Your icy white scales are hard. (AC +8)
You cannot fit into any form of body armour.
Your flesh is cold resistant. (rC+)
You are cold-blooded and may be slowed by cold attacks.
You have very sharp teeth.


Message History

The cane toad closely misses you.
You feel very sick. The cane toad closely misses you.
You are too injured to fight recklessly!
You are too injured to fight recklessly!
You hit the cane toad. You burn the cane toad.
The cane toad is severely wounded.
You feel sick. The cane toad misses you. The cane toad stings you!
* * * LOW HITPOINT WARNING * * *
You hit the cane toad but do no damage.
You tail-slap the cane toad, but do no damage.
The cane toad is severely wounded.
You feel sick.
The cane toad stings you but does no damage.
The cane toad stings you!
* * * LOW HITPOINT WARNING * * *
You feel better. The cane toad stings you!
* * * LOW HITPOINT WARNING * * *
You are lethally poisoned!
The cane toad poisons you!
Unknown command.
You feel better. You block the cane toad's attack.
Unknown command.
You feel better. The cane toad barely misses you.
Unknown command.
You feel better. The cane toad stings you!
* * * LOW HITPOINT WARNING * * *
Unknown command.
Casting: Searing Ray (safe; 1% risk of failure)
Confirm with . or Enter, or press ? or * to list all spells.
Aiming: Searing Ray (safe; 1% risk of failure)
Press: ? - help, Shift-Dir - straight line, f/p - cane toad
Aim: a cane toad (severely wounded, 85% to hit)
The searing ray hits the cane toad.
The cane toad is severely wounded. (Press . to maintain the ray.)
The cane toad stings you!
* * * LOW HITPOINT WARNING * * *
The cane toad stings you.
You die...

......#
.......##
........##
#.......###
.........#
#.......##
#.F.†...###
#.@......#
##.......##
##.......##
##†......##
###......##
#.......##
##.......##
#P.......##
###.......###


You could see a cane toad.

Vanquished Creatures
  Kirke (D:12)
  Fannar (D:12)
  Erica (D:8)
  A dancing weapon (D:7)
  3 two-headed ogres
  The ghost of osoart the Grappler, a novice TrTm of the Shining One (D:7)
  A deep elf pyromancer (D:12)
  Pikel (D:8)
  2 ugly things
  A manticore (D:12)
  A cyclops (D:12)
  A gargoyle (D:12)
  Maggie (D:10)
  3 komodo dragons (Lair:1)
  2 cane toads (Lair:1)
  6 trolls
  Prince Ribbit (D:9)
  5 slime creatures (D:12)
  A shadow (D:10)
  32 yaks
  5 hogs (D:12)
  A wraith (D:11)
  A basilisk (Lair:1)
  A steam dragon (D:6)
  2 vampire mosquitoes (D:12)
  An acid dragon (D:8)
  6 water moccasins
  11 orc warriors
  2 sky beasts
  2 hornet zombies (D:9)
  2 black bears (D:9)
  An ice beast (D:6)
  A necrophage (D:6)
  3 ogres
  5 wolves (Lair:1)
  5 centaurs
  A lemure (D:8)
  A phantom (D:6)
  3 kobold brigands
  Blork the orc (D:5)
  9 bullfrogs
  4 scorpions
  2 gnoll sergeants
  4 killer bees
  2 howler monkeys
  8 wights
  2 electric eels (D:9)
  2 centaur zombies
  A hound (D:5)
  Crazy Yiuf (D:5)
  A jelly (D:6)
  2 centaur skeletons
  12 orc priests
  3 iguanas
  11 orc wizards
  A killer bee zombie (D:6)
  A hound skeleton (D:4)
  8 gnolls
  8 adders
  A shadow imp (D:7)
  A white imp (D:6)
  A worm (D:5)
  3 dart slugs
  50 orcs
  5 bats
  7 endoplasms
  3 giant cockroaches
  12 goblins
  6 hobgoblins
  7 jackals (D:2)
  5 quokkas
  A ball python (D:3)
  5 frilled lizards
  21 kobolds
  9 rats
340 creatures vanquished.

Vanquished Creatures (collateral kills)
  A hornet (D:9)
1 creature vanquished.

Vanquished Creatures (others)
  34 fungi
  57 plants
91 creatures vanquished.

Grand Total: 432 creatures vanquished

Notes
Turn   | Place    | Note
-------+----------+-------------------------------------------
     0 | D:1      | Zeld the Draconian Conjurer began the quest for the Orb.
     0 | D:1      | Reached XP level 1. HP: 14/14 MP: 3/3
   295 | D:1      | Found a faded altar of an unknown god.
   389 | D:1      | Reached XP level 2. HP: 22/22 MP: 0/5
   452 | D:1      | Learned a level 2 spell: Searing Ray
   534 | D:1      | Reached skill level 1 in Fighting
  1060 | D:1      | Reached XP level 3. HP: 28/28 MP: 4/6
  1767 | D:2      | Reached XP level 4. HP: 36/36 MP: 6/8
  1782 | D:2      | Identified the +2 pair of gloves of Qoeh {rN+}
  2061 | D:2      | Found Poloq's Magic Scroll Shop.
  2065 | D:2      | Bought a scroll of identify for 28 gold pieces
  2557 | D:2      | Reached XP level 5. HP: 24/42 MP: 0/9
  2830 | D:3      | Found a shimmering blue altar of Sif Muna.
  3141 | D:3      | Reached skill level 5 in Conjurations
  3141 | D:3      | Reached XP level 6. HP: 50/51 MP: 0/11
  3146 | D:3      | Learned a level 4 spell: Fulminant Prism
  3151 | D:3      | Learned a level 4 spell: Iskenderun's Mystic Blast
  3305 | D:3      | Found a glowing golden altar of the Shining One.
  3511 | D:3      | Found a stormy altar of Qazlal.
  3629 | D:3      | Found a shadowy altar of Dithmenos.
  3843 | D:2      | Bought a scroll of magic mapping for 49 gold pieces
  4208 | D:2      | Bought a scroll of fear for 49 gold pieces
  4683 | D:4      | Found a staircase to the Ecumenical Temple.
  4765 | D:5      | Entered Level 5 of the Dungeon
  4868 | D:5      | Reached skill level 1 in Translocations
  4868 | D:5      | Your scales start taking on an icy white colour.
  4868 | D:5      | Reached XP level 7. HP: 54/57 MP: 6/12
  4868 | D:5      | Gained mutation: Your flesh is cold resistant. (rC+) [White
                  | Draconian growth]
  4922 | Temple   | Entered the Ecumenical Temple
  4998 | Temple   | Became a worshipper of Vehumet
  5257 | D:5      | Found a runed translucent door.
  5258 | D:5      | Noticed Crazy Yiuf
  5320 | D:5      | Noticed Blork the orc
  5333 | D:5      | Killed Blork the orc
  5334 | D:5      | Reached skill level 1 in Hexes
  5399 | D:2      | Bought a scroll of teleportation for 42 gold pieces
  5796 | D:5      | Found a snail-covered altar of Cheibriados.
  5985 | D:5      | Killed Crazy Yiuf
  6171 | D:6      | Reached skill level 1 in Ice Magic
  6242 | D:6      | Reached XP level 8. HP: 65/67 MP: 9/14
  6894 | D:6      | Reached * piety under Vehumet
  6894 | D:6      | Offered knowledge of Shock by Vehumet.
  6901 | D:6      | Reached skill level 5 in Fighting
  7163 | D:6      | Reached skill level 5 in Spellcasting
  7721 | D:2      | Bought a scroll of enchant armour for 105 gold pieces
  8273 | D:7      | Found a runed translucent door.
  8274 | D:7      | Found a shimmering altar of Xom.
  8274 | D:7      | Noticed osoart's ghost (novice TrTm)
  8275 | D:7      | Noticed a +0 dagger of chaos
  8323 | D:7      | Reached XP level 9. HP: 58/75 MP: 7/16
  8624 | D:7      | Offered knowledge of Poisonous Vapours by Vehumet.
  8688 | D:7      | Reached ** piety under Vehumet
  8692 | D:7      | Reached skill level 1 in Evocations
  9358 | D:7      | Found an ornate altar of the Wu Jian Council.
  9393 | D:7      | Found Ofred's Armour Emporium.
  9525 | D:8      | Found a hazy altar of Hepliaklqana.
  9539 | D:8      | Noticed Erica
  9758 | D:8      | Noticed Pikel
  9765 | D:8      | Killed Pikel
  9766 | D:8      | Reached skill level 5 in Ice Magic
 10384 | D:8      | HP: 3/78 [orc warrior/+0 long sword (12)]
 10402 | D:8      | Reached XP level 10. HP: 45/84 MP: 2/19
 10625 | D:8      | Found a white marble altar of Elyvilon.
 10898 | D:8      | Found a shimmering altar of Xom.
 11951 | D:9      | Offered knowledge of Stone Arrow by Vehumet.
 12045 | D:9      | Noticed Prince Ribbit
 12048 | D:9      | Found an iron altar of Okawaru.
 12055 | D:9      | Killed Prince Ribbit
 12067 | D:9      | Reached *** piety under Vehumet
 12228 | D:9      | Reached skill level 5 in Stealth
 12622 | D:9      | Identified the +1 spear of Obsession {speed, Contam rC-
                  | rCorr Stlth+}
 12730 | D:9      | Gained mutation: You passively map a small area around you.
                  | [potion of mutation]
 12730 | D:9      | Gained mutation: Your flesh is heat resistant. (rF+)
                  | [potion of mutation]
 12870 | D:9      | Noticed a two-headed ogre
 13941 | D:9      | Found a staircase to the Lair.
 14027 | D:9      | Killed a two-headed ogre
 14028 | D:9      | Reached XP level 11. HP: 78/93 MP: 2/21
 14230 | D:9      | Offered knowledge of Flame Wave by Vehumet.
 14647 | D:8      | Killed Erica
 14648 | D:8      | Reached skill level 5 in Dodging
 14934 | D:10     | Entered Level 10 of the Dungeon
 15120 | D:10     | Found an ancient bone altar of Kikubaaqudgha.
 15256 | D:10     | Reached skill level 5 in Evocations
 15521 | D:10     | Noticed Maggie
 15557 | D:10     | Killed Maggie
 16039 | D:10     | Found a burning altar of Makhleb.
 16224 | D:11     | Noticed a brown ugly thing
 16225 | D:11     | Found Ijil's Weapon Shoppe.
 16235 | D:11     | Killed a brown ugly thing
 16442 | D:11     | Noticed a two-headed ogre
 16455 | D:11     | Killed a two-headed ogre
 16482 | D:11     | Reached **** piety under Vehumet
 16769 | D:11     | Noticed a two-headed ogre
 16772 | D:11     | Found a staircase to the Orcish Mines.
 16772 | D:11     | Found Irorgh's Armour Boutique.
 16787 | D:11     | Noticed a two-headed ogre
 16805 | D:11     | Noticed Snorg
 17410 | D:11     | Noticed a lindwurm
 17411 | D:11     | Noticed a lindwurm
 17738 | D:11     | Noticed a lindwurm
 17740 | D:11     | Noticed a lindwurm
 17976 | D:11     | Killed a two-headed ogre
 18332 | D:12     | Noticed Fannar
 18359 | D:12     | Killed Fannar
 18600 | D:12     | Noticed a green ugly thing
 18600 | D:12     | Noticed a deep elf pyromancer
 18647 | D:12     | Killed a green ugly thing
 19088 | D:12     | Noticed Kirke
 19094 | D:12     | Noticed a lindwurm
 19098 | D:12     | Noticed a lindwurm
 19291 | D:12     | Offered knowledge of Olgreb's Toxic Radiance by Vehumet.
 19881 | D:11     | Lost mutation: Your flesh is heat resistant. (rF+) [potion
                  | of mutation]
 19881 | D:11     | Lost mutation: You passively map a small area around you.
                  | [potion of mutation]
 19881 | D:11     | Gained mutation: You passively dampen the noise of your
                  | surroundings. [potion of mutation]
 19882 | D:11     | Lost mutation: You passively dampen the noise of your
                  | surroundings. [potion of mutation]
 19882 | D:11     | Gained mutation: You have very sharp teeth. [potion of
                  | mutation]
 20235 | D:12     | Reached XP level 12. HP: 104/104 MP: 13/23
 20781 | D:12     | Killed Kirke
 21925 | D:7      | Killed osoart's ghost
 22187 | Lair:1   | Entered Level 1 of the Lair of Beasts
 22237 | Lair:1   | Found a runed translucent gate.
 22239 | Lair:1   | Found a runed translucent gate.
 22240 | Lair:1   | Found a runed translucent gate.
 22240 | Lair:1   | Noticed a great orb of eyes
 22240 | Lair:1   | Noticed Zeld's ghost (journeyman DrCj)
 22263 | Lair:1   | Found a viscous altar of Jiyva.
 22300 | Lair:1   | Reached skill level 10 in Conjurations
 23316 | Lair:1   | Reached skill level 10 in Fighting
 23326 | Lair:1   | Reached skill level 1 in Long Blades
 23509 | Lair:1   | HP: 4/106 [cane toad (17)]
 23509 | Lair:1   | Slain by a cane toad

Illustrated notes

Levels and vault maps discovered:
D:1:      tarquinn_simple_flora_water_b, layout_basic,
          hellmonk_ecumenical_altar_pennies_from_heaven
D:2:      layout_loops_ring, serial_shops, nicolae_shop_behind_doors,
          minmay_misc_feat_alley, nrook_uturn, minmay_bisected
D:3:      layout_rooms, nicolae_overflow_crystal_walls,
          nicolae_tso_carved_into_rock, mainiacjoe_overflow_catwalk_spiral,
          item_on_display_a
D:4:      layout_rooms, temple_green, kennysheep_generic_room_10
D:5:      layout_cave_pools, cheibrodos_worm_habitat, uniq_blork_the_orc,
          uniq_crazy_yiuf_cottage
D:6:      layout_loops_ring, minmay_ogre_servants
D:7:      layout_basic, nicolae_wu_jian_immortal_techniques, serial_shops,
          kennysheep_mini_moat, ebering_ghost_xom
D:8:      layout_basic, lemuel_tele_altar, amcnicky_altar_gilded,
          mainiacjoe_overflow_cross_hatched, uniq_erica, uniq_pikel
D:9:      minmay_bubble_buster, layout_rooms, okawaru_ov_weapons_minmay,
          due_lair_maze_entry_diamond, serial_bayou_lake_a, uniq_prince_ribbit1
D:10:     layout_loops_ring, lightli_temple_of_fire,
          mainiacjoe_overflow_24_doors, uniq_maggie
D:11:     layout_irregular_city, orc_david_3, serial_shops,
          nicolae_shop_statue_plus, minmay_lindwurm_lava, uniq_snorg
D:12:     layout_irregular_city, uniq_kirke, uniq_fannar
D:13:     layout_grid_maze, lightli_vaults_fourway_checkpoint,
          nicolae_qazlal_general_emergency
Temple:   compressed_dpeg_circular_temple
Lair:1:   layout_hall_layers, gammafunk_ghost_ooze, serial_bayou_lagoon_a

Skill      XL: |  1  2  3  4  5  6  7  8  9 10 11 12 |
---------------+-------------------------------------+-----
Fighting       | 1 2 3 4 5 6 7 9 10 | 10.0
Stealth        | 2 3 4 5 6 |  6.7
Dodging        | 2 3 4 5 6 |  6.1
Spellcasting   | 3 4 5 6 7 8 |  8.8
Conjurations   | 5 6 7 8 9 10 | 10.2
Translocations | 1 2 3 |  3.0
Hexes          | 1 2 3 |  3.0
Ice Magic      | 1 3 5 6 8 9 |  9.8
Evocations     | 2 4 6 7 |  7.4
Long Blades    | 1 |  1.0

Action                   |  1- 3 |  4- 6 |  7- 9 | 10-12 || total
-------------------------+-------+-------+-------+-------++-------
Melee: Unarmed           |    11 |       |       |     9 ||    20
       Rapier            |     3 |       |       |       ||     3
       Whip              |    26 |    10 |       |       ||    36
       Tailslap          |     7 |     3 |    17 |    56 ||    83
       Punch             |     1 |       |     2 |     4 ||     7
       Short sword       |       |     8 |   107 |   177 ||   292
       Scimitar          |       |       |       |    99 ||    99
       Bite              |       |       |       |    10 ||    10
 Cast: Magic Dart        |    62 |    41 |     2 |     4 ||   109
       Searing Ray       |     2 |    28 |    61 |    68 ||   159
       Iskenderun's Myst |       |       |    11 |   180 ||   191
 Abil: Breathe Frost     |       |       |    10 |    18 ||    28
Evoke: Wand              |       |       |     1 |    11 ||    12
       Phantom mirror    |       |       |       |     1 ||     1
  Use: Scroll            |       |       |     8 |     6 ||    14
       Potion            |       |       |     2 |    10 ||    12
 Stab: Sleeping          |       |       |     2 |       ||     2
       Distracted        |       |       |       |     1 ||     1
Armor: Skin              |    22 |    24 |   104 |   255 ||   405
Dodge: Dodged            |    62 |    63 |   149 |   348 ||   622
Block: Other             |       |       |       |    45 ||    45
       Reflection        |       |       |       |     3 ||     3
